 Dungeon Crawl Stone Soup version 0.23.0-3-gf3c87f2 (webtiles) character file.

Game seed: 6243739967103007299

70705 lapinsky the Fighter (level 15, -1/208 HPs)
             Began as a Hill Orc Fighter on Feb 20, 2019.
             Was the Champion of Nemelex Xobeh.
             Slain by a hornet (12 damage)
             ... created by a shambling mangrove
             ... on level 3 of the Swamp.
             The game lasted 02:05:07 (26263 turns).

lapinsky the Fighter (Hill Orc Fighter)            Turns: 26263, Time: 02:05:08

Health: -1/208     AC: 18    Str: 36    XL:     15   Next: 34%
Magic:  21/21      EV: 12    Int:  8    God:    Nemelex Xobeh [******]
Gold:   1156       SH: 15    Dex: 19    Spells: 22/22 levels left

rFire    . . .     SeeInvis .   E - +5 morningstar (freeze)
rCold    . . .     Gourm    .   c - +1 shield
rNeg     . . .     Faith    .   a - +3 chain mail of the Prince {Str+3 Dex+7}
rPois    +         Spirit   .   (no helmet)
rElec    .         Reflect  .   G - scarf {repulsion}
rCorr    .         Harm     .   g - +1 pair of gloves
MR       +....                  O - +0 pair of boots
Stlth    ..........             (no amulet)
HPRegen  0.44/turn              T - ring "Ocroraph" {EV+1 Str+4}
MPRegen  0.17/turn              C - ring of poison resistance

@: berserking, grasped by roots, constricted, repel missiles, slow
A: no striking features
a: Draw Escape, Draw Destruction, Draw Summoning, Triple Draw, Deal Four, Stack
Five, Renounce Religion


You were on level 3 of the Swamp.
You worshipped Nemelex Xobeh.
Nemelex Xobeh was exalted by your worship.
You were not hungry.

You visited 4 branches of the dungeon, and saw 20 of its levels.

You collected 1156 gold pieces.

Inventory:

Hand Weapons
 l - a +0 hand crossbow of freezing
 A - a +3 hand axe of chopping
 E - a +5 morningstar of freezing (weapon)
Missiles
 B - a tomahawk (quivered)
 X - 2 bolts
Armour
 a - the +3 chain mail of the Prince (worn) {Str+3 Dex+7}
   (You found it on level 5 of the Dungeon)

   It affects your strength (+3).
   It affects your dexterity (+7).
 c - a +1 shield (worn)
 g - a +1 pair of gloves (worn)
 G - a scarf of repulsion (worn)
 O - a +0 pair of boots (worn)
Jewellery
 q - an uncursed ring of positive energy
 s - an uncursed ring of protection from magic
 t - a +2 ring of protection
 w - a +4 ring of dexterity
 x - an uncursed amulet of the gourmand
 C - a ring of poison resistance (right hand)
 R - an uncursed ring of flight
 T - the ring "Ocroraph" (left hand) {EV+1 Str+4}
   (You found it on level 6 of the Lair of Beasts)

   [ring of evasion]

   It affects your evasion (+1).
   It affects your strength (+4).
 V - an uncursed ring of protection from fire
 W - an uncursed ring of see invisible
Wands
 h - a wand of polymorph (5)
 j - a wand of flame (40)
 k - a wand of random effects (16)
 o - a wand of acid (1)
 D - a wand of digging (8)
 H - a wand of iceblast (8)
 Q - a wand of paralysis (7)
 S - a wand of disintegration (3)
Scrolls
 b - 2 scrolls of remove curse
 n - a scroll of magic mapping
 v - a scroll of fog {unknown}
 y - a scroll of acquirement {unknown}
 F - a scroll of fear
 J - 4 scrolls of teleportation
 N - a scroll of vulnerability {unknown}
Potions
 d - 2 potions of might
 e - a potion of berserk rage
 i - 7 potions of flight
 m - 3 potions of haste
 p - 5 potions of brilliance
 r - 2 potions of lignification
 u - 5 potions of agility
 z - 3 potions of magic
 I - a potion of invisibility
 K - a potion of mutation {unknown}
 L - a potion of ambrosia {unknown}
 P - 3 potions of curing
 Y - a potion of cancellation {unknown}
Miscellaneous
 U - a crystal ball of energy
Comestibles
 f - 19 rations


   Skills:
 - Level 14.4 Fighting
   Level 5.2 Short Blades
 - Level 2.8(11.2) Axes
 - Level 13.9(14.0) Maces & Flails
 - Level 6.1 Crossbows
 - Level 3.8 Throwing
 - Level 10.9 Armour
 * Level 7.0 Dodging
 + Level 3.0 Stealth
 - Level 10.3 Shields
 - Level 4.0 Spellcasting
 - Level 7.0 Invocations
 - Level 2.9 Evocations


You had 22 spell levels left.
You didn't know any spells.
Your spell library contained the following spells:

 Spells                   Type           Power        Failure   Level  Hunger
 Sting                    Conj/Pois      #...         85%         1    #......
 Summon Butterflies       Summ           #.......     85%         1    #......
 Corpse Rot               Necr           N/A          94%         2    ###....
 Poisonous Vapours        Pois/Air       #.....       94%         2    ###....
 Call Canine Familiar     Summ           #.......     99%         3    ###....
 Mephitic Cloud           Conj/Pois/Air  #.......     99%         3    ###....
 Stone Arrow              Conj/Erth      #.....       99%         3    ###....
 Leda's Liquefaction      Hex/Erth       #.........   100%        4    #####..
 Olgreb's Toxic Radiance  Pois           #.......     100%        4    #####..
 Summon Ice Beast         Ice/Summ       #.......     100%        4    #####..
 Summon Forest            Summ/Tloc      #.........   100%        5    ######.
 Summon Mana Viper        Hex/Summ       #.......     100%        5    ######.
 Venom Bolt               Conj/Pois      #.........   100%        5    ######.
 Hydra Form               Tmut           #.........   100%        6    #######
 Summon Hydra             Summ           #.........   100%        7    #######


Dungeon Overview and Level Annotations

Branches:
Dungeon (10/15)            Temple (0/1) D:5            Lair (6/6) D:10
  Swamp (3/4) Lair:3       Spider (0/4) Lair:3        Slime (1/5) Lair:5
    Orc: D:9-12

Altars:
Cheibriados
Gozag
Makhleb
Nemelex Xobeh
Qazlal
Uskayaw
Xom


Message History

You enter the shallow water.
Moving in this stuff is going to be slow.
The hornet stings you but does no damage. x2
The briar patch crumbles away. x2; You block the hornet's attack.
The briar patch crumbles away.
You block the hornet's attack. x2
The briar patch crumbles away.
The hornet stings you.
* * * LOW HITPOINT WARNING * * *
The briar patch crumbles away. x5; Roots burst forth from the earth!
The grasping roots grab you!
* * * LOW HITPOINT WARNING * * *
The grasping roots constrict you! The hornet stings you!
* * * LOW HITPOINT WARNING * * *
You feel yourself slow down.
The hornet stings you but does no damage.
A red film seems to cover your vision as you go berserk!
You feel yourself moving faster!
You feel mighty!
You feel yourself speed up. The hornet stings you!
You die...
Your body glows slightly and disappears.

≈≈.♣ ♣♣. ≈.. ..♣♣ .≈♣ .§≈
.♣♣ ♣♣♣♣♣ ♣§♣♣ .. ♣♣
♣♣♣.≈≈♣♣ ...♣ ♣. .
.♣♣♣♣♣♣≈≈.≈≈≈♣♣♣♣.♣ .♣♣...
≈..♣≈..♣≈..≈≈≈♣♣≈.♣ ♣♣...≈♣
≈≈.≈≈≈≈.♣≈..≈≈≈≈≈≈♣♣♣ ♣♣♣.♣
♣♣....≈≈>♣♣.≈≈≈≈≈y≈≈♣♣♣♣y..♣
♣...≈≈..♣♣♣.≈≈≈@y≈≈♣.♣♣§♣♣♣
♣♣.≈≈≈≈<♣♣...♣<≈≈≈≈≈.≈.♣♣
♣.≈≈≈≈≈♣≈...≈..≈≈≈f≈.♣♣
♣......≈..§≈≈≈.≈≈≈≈≈♣♣
♣♣...≈≈.(..≈≈≈≈§P≈≈♣♣
♣♣♣.≈.≈.≈.≈.>.≈.≈≈..♣♣
♣♣...≈≈♣≈≈≈♣♣♣...P.P≈.♣♣
.≈≈[...♣♣♣≈♣≈....≈≈≈≈P.♣
♣≈≈♣♣♣♣♣♣♣♣≈.≈≈.≈≈≈≈≈.≈♣


You could see a shambling mangrove and 2 hornets.

Vanquished Creatures
  2 thorn hunters (Swamp:3)
  11 hydras
  2 catoblepae (Lair:6)
  8 death yaks
  Erica (D:10)
  6 alligators
  A two-headed ogre (D:8)
  2 spriggans
  A fire crab (Lair:3)
  3 swamp dragons
  An orb spider (Lair:3)
  A faun (Swamp:1)
  2 manticores (Lair:6)
  A water nymph (Swamp:1)
  A torpor snail (Lair:5)
  3 black mambas
  9 komodo dragons
  14 spiny frogs
  A rime drake (Lair:4)
  5 slime creatures (Swamp:2)
  A polar bear (Lair:4)
  5 hornets
  7 tyrant leeches
  A dream sheep (D:9)
  5 bog bodies
  21 blink frogs
  2 hippogriffs
  A redback (Lair:3)
  33 yaks
  A wyvern (Lair:4)
  4 basilisks
  A hog (D:10)
  9 vampire mosquitoes
  A hungry ghost (D:8)
  12 swamp worms
  9 insubstantial wisps
  4 soldier ants (Lair:2)
  A warg (D:9)
  Duvessa (D:5)
  14 water moccasins
  12 porcupines
  3 swamp drakes
  2 black bears
  2 sky beasts (D:5)
  4 necrophages
  2 orc warriors (D:10)
  3 ice beasts
  10 wolves
  3 ogres
  A centaur (D:5)
  19 crocodiles
  A big kobold (D:7)
  18 bullfrogs
  A wyvern zombie (D:9)
  Dowan (D:5)
  4 scorpions
  2 wights
  2 electric eels
  A howler monkey (D:5)
  A bullfrog zombie (D:5)
  3 hounds
  4 jellies (Lair:5)
  3 orc priests
  2 bullfrog skeletons (D:10)
  2 iguanas
  An orc wizard (D:10)
  14 worker ants
  2 killer bee zombies (D:7)
  2 mummies (D:7)
  A hound skeleton (D:5)
  A worker ant zombie (D:7)
  8 adders
  3 shadow imps
  2 oozes (Lair:5)
  An adder skeleton (D:6)
  3 worms
  2 dart slugs
  5 leopard geckos
  21 orcs
  2 ball pythons
  11 bats
  2 giant cockroaches
  8 goblins
  5 hobgoblins
  14 jackals
  5 quokkas
  5 frilled lizards
  15 kobolds
  A quokka zombie (D:5)
  11 rats
  A bush (Lair:6)
  9 fungi
  7 plants
  A withered plant (D:7)
477 creatures vanquished.

Vanquished Creatures (collateral kills)
  A spark wasp (Lair:5)
  A shambling mangrove (Swamp:2)
  A catoblepas (Lair:6)
  2 death yaks (Lair:3)
  A manticore (Swamp:1)
  A torpor snail (Lair:2)
  A spiny frog (Lair:6)
  A hornet (Swamp:2)
  2 blink frogs (Lair:2)
  9 dream sheep
  4 yaks (D:10)
  2 basilisks (D:10)
  A water moccasin (D:10)
  A swamp drake (D:10)
  A black bear (D:10)
  An ogre (D:10)
  A crocodile (Lair:3)
  2 electric eels
  A jelly (D:10)
  8 worker ants (Lair:2)
  An ooze (D:5)
43 creatures vanquished.

Vanquished Creatures (others)
  A thorn hunter (Swamp:3)
  A queen ant (Lair:2)
  A spriggan (Swamp:2)
  A hornet (Swamp:2)
  A blink frog (Lair:2)
  A slime creature (Swamp:2)
  A dream sheep (Lair:6)
  A redback (Lair:3)
  A shadow (Swamp:3)
  A yak (Lair:5)
  A vampire mosquito (Swamp:2)
  A swamp worm (Swamp:2)
  3 soldier ants (Lair:2)
  A swamp drake (Swamp:2)
  3 wights (D:6)
  4 worker ants (Lair:2)
  3 ball lightnings
  2 briar patches (Swamp:3)
  19 fungi
  21 plants
68 creatures vanquished.

Grand Total: 588 creatures vanquished

Notes
Turn   | Place    | Note
-------+----------+-------------------------------------------
     0 | D:1      | lapinsky the Hill Orc Fighter began the quest for the Orb.
     0 | D:1      | Reached XP level 1. HP: 19/19 MP: 1/1
   141 | D:1      | Reached XP level 2. HP: 26/27 MP: 2/2
   289 | D:1      | Reached skill level 4 in Fighting
   679 | D:1      | Reached XP level 3. HP: 33/33 MP: 3/3
   930 | D:1      | You fall through a shaft!
   963 | D:2      | Found a hide-covered altar of Uskayaw.
  1176 | D:2      | Found a sparkling altar of Nemelex Xobeh.
  1184 | D:2      | Became a worshipper of Nemelex Xobeh the Trickster
  1186 | D:2      | Found a burning altar of Makhleb.
  1188 | D:2      | Noticed an Executioner
  1219 | D:2      | Found a faded altar of an unknown god.
  1237 | D:2      | Found a snail-covered altar of Cheibriados.
  1245 | D:2      | Found a stormy altar of Qazlal.
  1393 | D:3      | Received a gift from Nemelex Xobeh
  1494 | D:3      | Reached XP level 4. HP: 36/40 MP: 4/4
  1568 | D:3      | Found a stormy altar of Qazlal.
  1568 | D:3      | Noticed an earth elemental
  1570 | D:3      | Noticed a water elemental
  1571 | D:3      | Noticed an air elemental
  1571 | D:3      | Noticed a fire elemental
  1619 | D:3      | Reached * piety under Nemelex Xobeh
  1625 | D:3      | Reached skill level 1 in Short Blades
  1880 | D:3      | Found a shimmering altar of Xom.
  2096 | D:3      | Received a gift from Nemelex Xobeh
  2320 | D:4      | Reached XP level 5. HP: 40/46 MP: 5/5
  2431 | D:4      | Reached ** piety under Nemelex Xobeh
  2593 | D:4      | Received a gift from Nemelex Xobeh
  2704 | D:4      | Reached skill level 1 in Invocations
  3062 | D:5      | Entered Level 5 of the Dungeon
  3073 | D:5      | Reached XP level 6. HP: 51/52 MP: 6/6
  3084 | D:5      | Noticed Edmund
  3107 | D:5      | Noticed Edmund
  3107 | D:5      | Edmund changed into Edmund the ooze
  3108 | D:5      | Killed Edmund the ooze
  3299 | D:5      | Reached skill level 1 in Dodging
  3299 | D:5      | Reached skill level 1 in Evocations
  3475 | D:5      | Got a smoking chain mail
  3495 | D:5      | Identified the +3 chain mail of the Prince {Str+3 Dex+7}
                  | (You found it on level 5 of the Dungeon)
  3514 | D:5      | Received a gift from Nemelex Xobeh
  3536 | D:5      | Found a staircase to the Ecumenical Temple.
  3543 | D:5      | Noticed Duvessa
  3545 | D:5      | Noticed Dowan
  3551 | D:5      | Killed Duvessa
  3551 | D:5      | Reached skill level 1 in Throwing
  3551 | D:5      | Reached XP level 7. HP: 59/60 MP: 8/8
  3554 | D:5      | Killed Dowan
  3554 | D:5      | Reached skill level 5 in Armour
  3587 | D:5      | Reached skill level 5 in Shields
  3765 | D:5      | Reached XP level 8. HP: 62/67 MP: 9/9
  3791 | D:5      | Received a gift from Nemelex Xobeh
  3794 | D:5      | Reached *** piety under Nemelex Xobeh
  4442 | D:6      | Reached skill level 5 in Fighting
  4776 | D:6      | Received a gift from Nemelex Xobeh
  4877 | D:6      | Reached skill level 5 in Short Blades
  5192 | D:6      | Got a crude leather armour
  5445 | D:6      | Reached XP level 9. HP: 68/74 MP: 10/10
  5719 | D:6      | Identified the cursed +1 leather armour of Contentment
                  | {Regen+ Int+4} (You found it on level 6 of the Dungeon)
  5801 | D:7      | Reached **** piety under Nemelex Xobeh
  5872 | D:7      | Reached skill level 1 in Maces & Flails
  6187 | D:7      | Received a gift from Nemelex Xobeh
  6429 | D:8      | Found a stormy altar of Qazlal.
  6550 | D:8      | Reached skill level 6 in Fighting
  6791 | D:8      | Noticed a two-headed ogre
  6797 | D:8      | Killed a two-headed ogre
  6797 | D:8      | Reached skill level 1 in Spellcasting
  6948 | D:8      | Received a gift from Nemelex Xobeh
  7082 | D:8      | Reached skill level 5 in Maces & Flails
  7082 | D:8      | Reached XP level 10. HP: 84/84 MP: 11/13
  7361 | D:9      | Found an opulent altar of Gozag.
  7403 | D:9      | Noticed a two-headed ogre
  7410 | D:9      | a two-headed ogre changed into a dream sheep
  7930 | D:10     | Entered Level 10 of the Dungeon
  8050 | D:10     | Reached skill level 5 in Invocations
  8075 | D:10     | Received a gift from Nemelex Xobeh
  8313 | D:10     | Reached skill level 7 in Fighting
  8641 | D:10     | Noticed Erica
  8676 | D:10     | Killed Erica
  8676 | D:10     | Reached XP level 11. HP: 74/92 MP: 16/16
  8806 | D:10     | Found a staircase to the Lair.
  8979 | Lair:1   | Entered Level 1 of the Lair of Beasts
  9026 | Lair:1   | Reached ***** piety under Nemelex Xobeh
  9089 | Lair:1   | Reached skill level 1 in Stealth
  9142 | Lair:1   | Reached skill level 8 in Fighting
  9787 | Lair:1   | Received a gift from Nemelex Xobeh
 11071 | Lair:2   | Reached skill level 1 in Crossbows
 11169 | Lair:2   | Reached skill level 9 in Fighting
 11434 | Lair:2   | Received a gift from Nemelex Xobeh
 11505 | Lair:2   | Noticed a queen ant
 11510 | Lair:2   | Killed a queen ant
 11517 | Lair:2   | Reached XP level 12. HP: 97/105 MP: 18/18
 12521 | Lair:3   | Received a gift from Nemelex Xobeh
 12523 | Lair:3   | Reached skill level 10 in Fighting
 13066 | Lair:3   | Noticed a death yak
 13066 | Lair:3   | Noticed a death yak
 13068 | Lair:3   | Noticed a death yak
 13072 | Lair:3   | Noticed a death yak
 13076 | Lair:3   | Noticed a death yak
 13084 | Lair:3   | Killed a death yak
 13559 | Lair:3   | Noticed a seven-headed hydra
 13568 | Lair:3   | Killed a seven-headed hydra
 13755 | Lair:3   | Reached skill level 10 in Maces & Flails
 14068 | Lair:3   | Found a staircase to the Swamp.
 14087 | Swamp:1  | Entered Level 1 of the Swamp
 14557 | Lair:3   | Killed a death yak
 14565 | Lair:3   | Killed a death yak
 14570 | Lair:3   | Killed a death yak
 14952 | Lair:3   | Received a gift from Nemelex Xobeh
 14970 | Lair:3   | Killed a death yak
 15233 | Lair:3   | Found a hole to the Spider Nest.
 15237 | Lair:3   | Reached XP level 13. HP: 100/115 MP: 19/19
 15624 | Lair:4   | Reached ****** piety under Nemelex Xobeh
 15648 | Lair:4   | Reached skill level 11 in Fighting
 15648 | Lair:4   | Reached skill level 10 in Armour
 15804 | Lair:4   | Received a gift from Nemelex Xobeh
 16151 | Lair:4   | Received a gift from Nemelex Xobeh
 16763 | Lair:5   | Received a gift from Nemelex Xobeh
 16767 | Lair:5   | Noticed a spark wasp
 16767 | Lair:5   | an eight-headed hydra changed into a spark wasp
 16772 | Lair:5   | Killed a spark wasp
 16891 | Lair:5   | Found a staircase to the Slime Pits.
 17086 | Lair:5   | Reached skill level 5 in Crossbows
 17681 | Slime:1  | Entered Level 1 of the Pits of Slime
 17681 | Slime:1  | Noticed an acid blob
 17775 | Lair:6   | Entered Level 6 of the Lair of Beasts
 18008 | Lair:6   | Reached skill level 10 in Shields
 19141 | Lair:6   | Received a gift from Nemelex Xobeh
 19212 | Lair:6   | Reached skill level 12 in Fighting
 19246 | Lair:6   | Reached XP level 14. HP: 52/126 MP: 20/20
 19619 | Lair:6   | Got an ancient pewter ring
 19652 | Lair:6   | Identified the ring "Ocroraph" {EV+1 Str+4} (You found it
                  | on level 6 of the Lair of Beasts)
 19926 | Lair:6   | Received a gift from Nemelex Xobeh
 20065 | Lair:6   | Received a gift from Nemelex Xobeh
 22074 | Swamp:1  | Reached skill level 13 in Fighting
 22121 | Swamp:1  | HP: 5/129 [poisoned by a manticore (poison gas)]
 23160 | Swamp:1  | Reached skill level 5 in Dodging
 23213 | Swamp:1  | Received a gift from Nemelex Xobeh
 23807 | Swamp:2  | Noticed a thorn hunter
 24327 | Swamp:2  | Received a gift from Nemelex Xobeh
 24497 | Swamp:2  | Reached skill level 14 in Fighting
 24699 | Swamp:2  | Reached XP level 15. HP: 134/138 MP: 21/21
 24952 | Swamp:2  | a thorn hunter changed into a shambling mangrove
 26216 | Swamp:3  | Noticed a thorn hunter
 26216 | Swamp:3  | Noticed a thorn hunter
 26224 | Swamp:3  | Killed a thorn hunter
 26230 | Swamp:3  | Noticed a thorn hunter
 26232 | Swamp:3  | Killed a thorn hunter
 26255 | Swamp:3  | Banished a thorn hunter
 26262 | Swamp:3  | HP: 6/139 [hornet[a shambling mangrove] (9)]
 26263 | Swamp:3  | Slain by a hornet

Skill      XL: |  1  2  3  4  5  6  7  8  9 10 11 12 13 14 15 |
---------------+----------------------------------------------+-----
Fighting       | 4 5 6 7 9 10 12 14 | 14.4
Armour         | 4 5 6 7 8 9 10 | 10.9
Short Blades   | 1 2 3 4 5 |  5.2
Shields        | 4 5 6 7 8 9 10 | 10.3
Invocations    | 1 2 4 6 7 |  7.0
Dodging        | 1 2 3 5 7 |  7.0
Evocations     | 1 2 |  2.9
Throwing       | 1 3 |  3.8
Maces & Flails | 5 7 9 10 11 13 | 13.9
Spellcasting   | 1 3 4 |  4.0
Stealth        | 1 2 3 |  3.0
Crossbows      | 1 4 6 |  6.1
Axes           | |  2.8

Action                   |  1- 3 |  4- 6 |  7- 9 | 10-12 | 13-15 || total
-------------------------+-------+-------+-------+-------+-------++-------
Melee: War axe           |    35 |       |       |       |       ||    35
       Dagger            |    79 |   145 |       |       |       ||   224
       Hand axe          |       |     8 |    98 |       |     1 ||   107
       Morningstar       |       |       |   124 |   460 |   776 ||  1360
       Staff             |       |       |       |       |     6 ||     6
 Fire: Hand crossbow     |       |       |       |       |    24 ||    24
Throw: Tomahawk          |       |     4 |     9 |     4 |     6 ||    23
 Abil: Draw Destruction  |       |     8 |    16 |    30 |    37 ||    91
       Draw Summoning    |       |     1 |       |    13 |     7 ||    21
       Draw Escape       |       |       |       |     6 |     3 ||     9
Evoke: Wand              |       |     2 |       |    19 |    40 ||    61
  Use: Scroll            |       |     5 |     5 |    13 |    10 ||    33
       Potion            |       |       |     1 |     5 |     6 ||    12
 Stab: Paralysed         |       |       |       |       |     2 ||     2
  Eat: Chunk             |     2 |       |     2 |     1 |     2 ||     7
       Ration            |       |     2 |     3 |     8 |    10 ||    23
Armor: Scale mail        |    59 |    51 |       |       |       ||   110
       Chain mail        |       |     8 |   148 |   188 |   295 ||   639
Dodge: Dodged            |    38 |    47 |    67 |   139 |   245 ||   536
       Deflected         |       |       |       |     5 |    10 ||    15
Block: Shield            |    76 |    67 |   138 |   315 |   573 ||  1169
